 Dungeon Crawl Stone Soup version 0.23-a0-300-g6719eeacba (webtiles) character file.

29918 PikkenKukken the Grappler (level 13, -4/130 HPs)
             Began as a Troll Fighter on Oct 7, 2018.
             Was the Champion of Elyvilon.
             Slain by a tyrant leech (18 damage)
             ... on level 6 of the Lair of Beasts.
             The game lasted 00:31:00 (13467 turns).

PikkenKukken the Grappler (Troll Fighter)          Turns: 13467, Time: 00:31:01

Health: -4/130     AC:  9    Str: 29    XL:     13   Next: 17%
Magic:  0/19       EV: 10    Int: 15    God:    Elyvilon [******]
Gold:   873        SH: 14    Dex:  9    Spells: 21/22 levels left

rFire    . . .     SeeInvis .     - Unarmed
rCold    . . .     Gourm    +   b - +1 shield
rNeg     . . .     Faith    .   A - +2 troll leather armour
rPois    +         Spirit   +   (helmet restricted)
rElec    .         Reflect  +   r - scarf {Spirit}
rCorr    .         Harm     .   (gloves unavailable)
MR       .....                  (boots unavailable)
Stlth    +.........             m - +3 amulet of reflection
HPRegen  1.11/turn              c - ring "Taphun" {Wiz Int+3}
MPRegen  0.16/turn              x - ring of poison resistance

@: lethally poisoned (-4 -> -4), slowed, studying Polearms, very slow
A: large, unfitting armour, claws 3, clever 2, fast metabolism 3, gourmand,
regeneration 1, shaggy fur 1, strong 1, tough skin 2
a: Lesser Healing, Heal Other, Purification, Greater Healing, Divine Vigour,
Divine Protection, Renounce Religion


You were on level 6 of the Lair of Beasts.
You worshipped Elyvilon.
Elyvilon was exalted by your worship.
You were completely stuffed.

You visited 4 branches of the dungeon, and saw 17 of its levels.
You also visited: Labyrinth and Ossuary.

You collected 873 gold pieces.

Inventory:

Armour
 b - a +1 shield (worn)
 r - a scarf of spirit shield (worn)
 A - a +2 troll leather armour (worn)
Jewellery
 c - the ring "Taphun" (left claw) {Wiz Int+3}
   (You acquired it on level 3 of the Lair of Beasts)

   [ring of wizardry]

   It improves your spell success rate.
   It affects your intelligence (+3).
 m - a +3 amulet of reflection (around neck)
 v - an uncursed ring of resist corrosion
 x - a ring of poison resistance (right claw)
 B - a +3 ring of intelligence
 F - an uncursed ring of wizardry {unknown}
Wands
 a - a wand of flame (13)
 n - a wand of digging (18)
 q - a wand of random effects (32)
 t - a wand of iceblast (18)
 u - a wand of paralysis (15)
 C - a wand of enslavement (36)
 I - a wand of disintegration (9)
Scrolls
 e - 8 scrolls of identify
 k - a scroll of blinking {unknown}
 p - 4 scrolls of teleportation
 s - a scroll of enchant weapon
 y - 2 scrolls of amnesia
 z - 7 scrolls of remove curse
 G - a scroll of enchant armour
 J - a scroll of magic mapping
Potions
 f - 9 potions of curing
 g - 3 potions of flight
 h - 3 potions of resistance
 i - a potion of mutation
 j - 2 potions of lignification
 l - 2 potions of agility
 o - 4 potions of heal wounds
 w - 3 potions of haste
 E - 2 potions of might
Books
 D - a manual of Polearms
Comestibles
 d - 32 rations
 H - 20 chunks of flesh


   Skills:
 + Level 8.8 Fighting
 - Level 4.1 Armour
 - Level 6.2 Dodging
 - Level 5.0 Shields
 - Level 13.0 Unarmed Combat
 - Level 5.0 Spellcasting
 - Level 5.0 Hexes
 - Level 5.0 Invocations


You had 21 spell levels left.
You knew the following spells:

 Your Spells              Type           Power        Failure   Level  Hunger
a - Confusing Touch       Hex            ###...       2%          1    None

Your spell library contained the following spells:

 Spells                   Type           Power        Failure   Level  Hunger
 Confuse                  Hex            ###.....     6%          3    ###....
 Tukima's Dance           Hex            ###.....     6%          3    ###....
 Apportation              Tloc           #.....       16%         1    None
 Summon Butterflies       Summ           #.......     16%         1    None
 Cause Fear               Hex            ###.......   21%         4    ####...
 Gell's Gravitas          Tloc           #.........   43%         3    ###....
 Lesser Beckoning         Tloc           #.........   43%         3    ###....
 Petrify                  Tmut/Erth      #.......     82%         4    ####...
 Metabolic Englaciation   Hex/Ice        ##........   82%         5    ######.
 Silence                  Hex/Air        ##........   82%         5    ######.
 Yara's Violent Unravell  Hex/Tmut       ##........   82%         5    ######.
 Invisibility             Hex            ###.....     96%         6    #######
 Alistair's Intoxication  Tmut/Pois      #.......     98%         5    ######.
 Deflect Missiles         Chrm/Air       #.........   100%        6    #######
 Discord                  Hex            ###.......   100%        8    #######


Dungeon Overview and Level Annotations

Branches:
Dungeon (9/15)             Temple (1/1) D:5            Lair (6/6) D:9
 Shoals (0/4) Lair:4        Snake (0/4) Lair:3        Slime (1/5) Lair:5
    Orc: D:9-12

Altars:
Ashenzari
Cheibriados
Dithmenos
Elyvilon
Fedhas
Gozag
Hepliaklqana
Kikubaaqudgha
Makhleb
Nemelex Xobeh
Okawaru
Qazlal
Ru
Sif Muna
Trog
Uskayaw
Vehumet
Wu Jian
Xom
Yredelemnul
Zin
The Shining One

Annotations:
Lair:1 Fannar
Lair:2 3 runed doors, exclusion: 2 oklob plants, Zigma's ghost, journeyman DrTm
Lair:6 1 runed door


Innate Abilities, Weirdness & Mutations

You are too large for most types of armour.
You have claws for hands.
Your metabolism is lightning-fast.
You like to eat raw meat.
Your natural rate of healing is unusually fast.
You are covered in fur. (AC +1)
You have very tough skin. (AC +2)
Your mind is very acute. (Int +4)
Your muscles are strong. (Str +2)


Message History

You block the lindwurm's attack.
Unknown command.
You closely miss the tyrant leech.
You feel sick.
A hornet comes into view.
You block the tyrant leech's attack. You block the lindwurm's attack.
The lindwurm claws you but does no damage.
The lindwurm closely misses you.
You barely miss the tyrant leech.
The hornet buzzes angrily.
You block the hornet's attack.
A torpor snail comes into view.
Being near the torpor snail leaves you feeling lethargic.
The hornet stings you.
* * * LOW HITPOINT WARNING * * *
You feel as though you will be slow longer.
The lindwurm breathes flames at you. The blast of flame hits you!
Elyvilon protects you from harm! The tyrant leech bites you!!
You die...

##### **##** ###.P.###
*####...,***
##.......######.w.y..,,,,**
###...###.....##....P****,,,*
##....## ##.....#..#***
***,,* #.⌠.##.# #.##...y.##
*,,,,** ##P..###
####.#@y..#### *,,,,,*
**+#...###
##w#k...P.#***,,,**
,,*###...# ####.......#*****
,,,* #..## ##....w...#,* ,,,*
##..## **...####...**
,,**###...# ***...#.# **..,**
,**##.##..# **,P..#.##
*,*#,,* **##...P.## *,PP.#,#*
***,,,* ###.#...## *#(..,,,*
***,,,,*


You could see 2 tyrant leeches, a torpor snail (wandering), a lindwurm and 3
hornets.

Vanquished Creatures
  A minotaur (Lab)
  A hydra (Lair:5)
  2 two-headed ogres
  Sonja (Lair:4)
  A shining eye (Slime:1)
  5 elephants (Lair:6)
  5 black mambas
  2 torpor snails (Lair:6)
  10 spiny frogs
  3 komodo dragons
  4 rime drakes
  2 trolls (D:9)
  A polar bear (Lair:5)
  6 slime creatures (Lair:5)
  Grinder (D:6)
  2 hornets
  A tyrant leech (Lair:6)
  7 blink frogs
  10 hippogriffs
  Sigmund (D:5)
  2 wyverns (D:9)
  21 yaks
  A steam dragon (Lair:6)
  2 basilisks
  7 porcupines
  8 water moccasins
  2 ice beasts
  3 orc warriors
  4 black bears
  2 sky beasts
  An ogre (D:8)
  A phantom (D:9)
  7 wolves
  2 centaurs
  6 crocodiles
  A big kobold (D:8)
  11 bullfrogs
  3 water moccasin zombies (Ossuary)
  A wyvern skeleton (D:8)
  3 scorpions
  6 killer bees
  4 wights (D:9)
  2 electric eels
  7 crimson imps
  3 hounds
  3 jellies
  2 quasits
  2 bullfrog skeletons
  5 orc priests
  5 iguanas
  5 orc wizards
  5 worker ants
  A killer bee zombie (D:9)
  4 big kobold zombies (Ossuary)
  A hound zombie (D:9)
  2 mummies (Ossuary)
  A howler monkey zombie (D:6)
  Robin (D:4)
  A worker ant zombie (D:7)
  8 gnolls
  10 adders
  3 shadow imps
  5 oozes
  2 adder skeletons
  7 adder zombies (Ossuary)
  2 worms
  A dart slug (D:1)
  4 leopard geckos
  30 orcs
  A ball python (D:5)
  6 bats
  6 giant cockroaches
  3 gnoll zombies (Ossuary)
  7 hobgoblins
  9 jackals
  13 kobolds
  5 quokkas
  5 frilled lizards
  17 goblins
  4 hobgoblin zombies (Ossuary)
  A jackal skeleton (D:9)
  7 kobold zombies (Ossuary)
  7 orc zombies (Ossuary)
  A quokka skeleton (D:8)
  10 rats
388 creatures vanquished.

Vanquished Creatures (others)
  A crocodile (Lair:6)
  2 centaurs
  A goblin (D:4)
  12 fungi
  11 plants
27 creatures vanquished.

Grand Total: 415 creatures vanquished

Notes
Turn   | Place    | Note
-------+----------+-------------------------------------------
     0 | D:1      | PikkenKukken the Troll Fighter began the quest for the Orb.
     0 | D:1      | Reached XP level 1. HP: 22/22 MP: 0/0
    95 | D:1      | Reached XP level 2. HP: 29/29 MP: 1/1
   788 | D:2      | Reached XP level 3. HP: 35/36 MP: 2/2
  1038 | D:2      | Found a burning altar of Makhleb.
  1041 | D:2      | Found a snail-covered altar of Cheibriados.
  1041 | D:2      | Found a hazy altar of Hepliaklqana.
  1043 | D:2      | Found a shadowy altar of Dithmenos.
  1120 | D:2      | Reached skill level 3 in Unarmed Combat
  1390 | D:3      | Reached XP level 4. HP: 44/44 MP: 3/3
  1411 | D:3      | Found a blossoming altar of Fedhas.
  1699 | D:3      | Reached XP level 5. HP: 33/53 MP: 4/4
  2028 | D:4      | Reached skill level 4 in Unarmed Combat
  2154 | D:4      | Noticed Robin
  2159 | D:4      | Killed Robin
  2159 | D:4      | Reached XP level 6. HP: 58/61 MP: 5/5
  2953 | D:5      | Entered Level 5 of the Dungeon
  2970 | D:5      | Found a sand-covered staircase.
  2978 | Ossuary  | Entered an ossuary
  3038 | Ossuary  | Reached skill level 5 in Unarmed Combat
  3088 | Ossuary  | Reached XP level 7. HP: 68/68 MP: 6/6
  3323 | D:5      | Gained mutation: Your mind is acute. (Int +2) [potion of
                  | mutation]
  3323 | D:5      | Gained mutation: You are agile. (Dex +2) [potion of
                  | mutation]
  3410 | D:5      | Reached skill level 6 in Unarmed Combat
  3455 | D:5      | Found a staircase to the Ecumenical Temple.
  3464 | Temple   | Entered the Ecumenical Temple
  3674 | Temple   | Became a worshipper of Elyvilon the Healer
  3908 | D:5      | Noticed Sigmund
  3918 | D:5      | Killed Sigmund
  3918 | D:5      | Reached XP level 8. HP: 70/78 MP: 7/7
  4243 | D:6      | Noticed Grinder
  4288 | D:6      | Killed Grinder
  4288 | D:6      | Reached skill level 7 in Unarmed Combat
  4427 | D:6      | Reached * piety under Elyvilon
  4504 | D:6      | Identified a scroll of acquirement
  4520 | D:6      | Found a shattered altar of Ashenzari.
  4996 | D:6      | Reached skill level 5 in Fighting
  5002 | D:6      | Reached XP level 9. HP: 41/88 MP: 3/8
  5135 | D:6      | Reached skill level 5 in Dodging
  5236 | D:6      | Reached skill level 5 in Shields
  5290 | D:7      | Reached skill level 8 in Unarmed Combat
  5694 | D:7      | Reached skill level 9 in Unarmed Combat
  5795 | D:8      | Reached ** piety under Elyvilon
  6124 | D:8      | Reached skill level 1 in Invocations
  6141 | D:8      | Noticed a two-headed ogre
  6195 | D:8      | Reached skill level 1 in Spellcasting
  6226 | D:8      | Paralysed by a hornet for 3 turns
  6234 | D:8      | Reached XP level 10. HP: 40/98 MP: 4/11
  6317 | D:8      | Killed a two-headed ogre
  6559 | D:8      | Reached *** piety under Elyvilon
  7143 | D:9      | Noticed a two-headed ogre
  7274 | D:9      | Reached skill level 5 in Invocations
  7357 | D:9      | Killed a two-headed ogre
  7786 | D:9      | Found a staircase to the Lair.
  7810 | D:9      | Reached skill level 5 in Spellcasting
  7810 | D:9      | Reached XP level 11. HP: 92/105 MP: 14/17
  7823 | D:9      | Reached skill level 1 in Armour
  7836 | Lair:1   | Entered Level 1 of the Lair of Beasts
  7838 | Lair:1   | Reached **** piety under Elyvilon
  7941 | Lair:1   | Noticed Fannar
  8184 | Lair:2   | Noticed a five-headed hydra
  8185 | Lair:2   | Found a runed gate.
  8186 | Lair:2   | Found a runed gate.
  8187 | Lair:2   | Found a runed gate.
  8188 | Lair:2   | Noticed Zigma's ghost (journeyman DrTm)
  8189 | Lair:2   | Noticed a death yak
  8189 | Lair:2   | Noticed a four-headed hydra
  8244 | Lair:2   | Reached ***** piety under Elyvilon
  8294 | Lair:2   | Noticed an oklob plant
  8424 | Lair:3   | Got a warped platinum ring
  8425 | Lair:3   | Identified the ring "Taphun" {Wiz Int+3} (You acquired it
                  | on level 3 of the Lair of Beasts)
  8467 | Lair:3   | Learned a level 1 spell: Confusing Touch
  8576 | Lair:4   | Noticed Sonja
  8580 | Lair:4   | Killed Sonja
  8590 | Lair:4   | Reached skill level 10 in Unarmed Combat
  8659 | Lair:5   | Found a sacrificial altar of Ru.
  8681 | Lair:4   | Found a staircase to the Shoals.
  8874 | Lair:5   | Reached skill level 11 in Unarmed Combat
  8928 | Lair:5   | Found a labyrinth entrance.
  8947 | Lab      | Entered a labyrinth
  9220 | Lab      | Noticed a minotaur
  9228 | Lab      | Killed a minotaur
  9347 | Lair:5   | Noticed a six-headed hydra
  9352 | Lair:5   | Killed a six-headed hydra
  9352 | Lair:5   | Reached skill level 12 in Unarmed Combat
  9352 | Lair:5   | Reached XP level 12. HP: 114/114 MP: 18/18
  9393 | Lair:6   | Entered Level 6 of the Lair of Beasts
  9652 | Lair:5   | Noticed a six-headed hydra
  9662 | Lair:5   | Pacified a six-headed hydra
  9704 | Lair:5   | Found a staircase to the Slime Pits.
  9751 | Slime:1  | Entered Level 1 of the Pits of Slime
  9767 | Lair:5   | Reached skill level 13 in Unarmed Combat
  9921 | Lair:5   | Reached skill level 1 in Hexes
  9981 | Slime:1  | Gained mutation: Your spells are a little easier to cast,
                  | but a little less powerful. [a shining eye]
  9982 | Slime:1  | Gained mutation: Scrolls take you a little longer to read.
                  | [a shining eye]
  9984 | Slime:1  | Lost mutation: You are agile. (Dex +2) [a shining eye]
  9991 | Slime:1  | Lost mutation: Scrolls take you a little longer to read.
                  | [potion of mutation]
  9991 | Slime:1  | Lost mutation: Your spells are a little easier to cast, but
                  | a little less powerful. [potion of mutation]
  9991 | Slime:1  | Gained mutation: Your muscles are strong. (Str +2) [potion
                  | of mutation]
  9991 | Slime:1  | Gained mutation: Your mind is very acute. (Int +4) [potion
                  | of mutation]
 10191 | Lair:5   | Reached ****** piety under Elyvilon
 10770 | Lair:4   | Found a sparkling altar of Nemelex Xobeh.
 11784 | Lair:3   | Found a staircase to the Snake Pit.
 11786 | Lair:3   | Noticed a six-headed hydra
 11791 | Lair:3   | Pacified a six-headed hydra
 12728 | Lair:6   | Noticed a four-headed hydra
 12730 | Lair:6   | Pacified a four-headed hydra
 12983 | Lair:6   | Reached XP level 13. HP: 60/127 MP: 9/19
 13406 | Lair:6   | Found a runed door.
 13436 | Lair:6   | Paralysed by a hornet for 2 turns
 13454 | Lair:6   | Reached skill level 5 in Hexes
 13463 | Lair:6   | Elyvilon protects you from harm!
 13467 | Lair:6   | Elyvilon protects you from harm!
 13467 | Lair:6   | Slain by a tyrant leech

Vault maps used:
D:1:      noname_arrival_rooms_in_the_neighbourhood
D:2:      grunt_temple_overflow_open, first_ration
D:3:      fedhas_altar_2
D:4:      grunt_ministairs_10, uniq_robin
D:5:      minmay_temple_entry_glassed_door, nicolae_ossuary_entry_plus,
          uniq_sigmund
D:6:      evilmike_ruin_ashenzari, uniq_grinder
D:7:      serial_bayou_pond_a
D:9:      lair_entry_dummy
Temple:   eino_narrow_crystal_temple
Lair:1:   serial_bayou_lagoon_a, beast_lair_carwin_3, grunt_megastairs_2,
          lemuel_fruit_fields, uniq_fannar, uniq_urug
Lair:2:   gammafunk_ghost_split, fungi_pond_lemuel, minmay_lair_oklob_chamber,
          serial_bayou_shore_b
Lair:3:   dummy_snake_entry
Lair:4:   shoals_dummy_entry, basic_altar, uniq_sonja
Lair:5:   nicolae_slime_entry_slimehenge, lab_entry_generic, basic_altar,
          lookout_lair_type, serial_bayou_crossing
Lair:6:   guppyfry_lair_end_dragon, wormcave, grunt_megastairs_4
Lab:      labyrinth_green
Ossuary:  ossuary_tomb_2

Skill      XL: |  1  2  3  4  5  6  7  8  9 10 11 12 13 |
---------------+----------------------------------------+-----
Unarmed Combat | 3 4 5 6 7 9 12 13 | 13.0
Fighting       | 3 4 5 6 8 |  8.8
Dodging        | 3 4 6 |  6.2
Shields        | 3 4 5 |  5.0
Invocations    | 2 5 |  5.0
Spellcasting   | 1 5 |  5.0
Armour         | 4 |  4.1
Hexes          | 4 5 |  5.0

Action                   |  1- 3 |  4- 6 |  7- 9 | 10-12 | 13-15 || total
-------------------------+-------+-------+-------+-------+-------++-------
Melee: Unarmed           |   127 |   214 |   389 |   651 |   118 ||  1499
 Cast: Confusing Touch   |       |       |       |    17 |     3 ||    20
Invok: Lesser Healing    |       |       |       |     2 |       ||     2
       Heal Other        |       |       |       |     5 |       ||     5
Evoke: Wand              |       |       |       |     8 |       ||     8
  Use: Scroll            |     4 |     1 |    13 |     9 |       ||    27
       Potion            |       |       |     2 |     6 |       ||     8
 Stab: Sleeping          |       |     1 |     1 |     1 |       ||     3
       Confused          |       |       |       |     7 |       ||     7
       Paralysed         |       |       |       |     2 |       ||     2
  Eat: Chunk             |    18 |    15 |    30 |    53 |     6 ||   122
       Ration            |       |       |       |     3 |       ||     3
Armor: Robe              |    50 |    33 |    65 |     7 |       ||   155
       Troll leather arm |       |       |       |    96 |    21 ||   117
Dodge: Dodged            |    44 |    50 |    98 |   157 |    46 ||   395
Block: Shield            |    58 |   127 |   236 |   365 |    84 ||   870
       Reflection        |       |     6 |     7 |     8 |       ||    21

Table legend:
 A = Non-vault XP
 B = Vault XP
 C = Vault XP percentage of total XP
 D = Non-vault monster count
 E = Vault monster count
 F = Vault count percentage of total count
                 A         B        C        D         E       F
            +---------+---------+-------+---------+---------+-------
      Total |   35385 |    5902 |  14.3 |     320 |      72 |  18.4
            +---------+---------+-------+---------+---------+-------
        D:1 |      40 |       0 |   0.0 |      20 |       0 |   0.0
        D:2 |      42 |       0 |   0.0 |      19 |       0 |   0.0
        D:3 |     156 |       0 |   0.0 |      29 |       0 |   0.0
        D:4 |     365 |      42 |  10.3 |      21 |      14 |  40.0
        D:5 |     528 |     238 |  31.1 |      15 |       1 |   6.2
        D:6 |     908 |     286 |  24.0 |      19 |       1 |   5.0
        D:7 |    1327 |       0 |   0.0 |      25 |       0 |   0.0
        D:8 |    2495 |       0 |   0.0 |      29 |       0 |   0.0
        D:9 |    4540 |       0 |   0.0 |      44 |       0 |   0.0
     Lair:1 |    1162 |       0 |   0.0 |       6 |       0 |   0.0
     Lair:2 |    2027 |     149 |   6.8 |      10 |       1 |   9.1
     Lair:3 |    1095 |       0 |   0.0 |       4 |       0 |   0.0
     Lair:4 |    4995 |     827 |  14.2 |      20 |       1 |   4.8
     Lair:5 |    7209 |     255 |   3.4 |      26 |       6 |  18.8
     Lair:6 |    7943 |    2508 |  24.0 |      32 |      10 |  23.8
    Slime:1 |     553 |       0 |   0.0 |       1 |       0 |   0.0
        Lab |       0 |    1162 | 100.0 |       0 |       1 | 100.0
    Ossuary |       0 |     435 | 100.0 |       0 |      37 | 100.0
            +---------+---------+-------+---------+---------+-------
